 Dungeon Crawl Stone Soup version 0.28.0-43-g3370ac3207 (webtiles) character file.

Game seed: 9588622173070339860

1733 crimpus the Cudgeller (level 8, -6/68 HPs)
             Began as a Demigod Fighter on Mar 15, 2022.
             Killed from afar by a steam dragon (31 damage)
             ... with a ball of steam
             ... on level 6 of the Dungeon.
             The game lasted 00:07:05 (5215 turns).

crimpus the Cudgeller (Demigod Fighter)             Turns: 5215, Time: 00:07:05

Health: -6/68      AC: 18    Str: 21    XL:     8   Next: 47%
Magic:  10/10      EV: 10    Int: 10    God:
Gold:   206        SH:  9    Dex: 13    Spells: 7/7 levels left

rFire   x . .      SeeInvis .   f - +1 mace
rCold   + . .      Faith    .   c - +0 buckler
rNeg    . . .      Spirit   .   e - +10 scale mail of Agnosticism {rElec rF- Regen+ Str-4}
rPois   .          Reflect  .   (no helmet)
rElec   +          Harm     .   (no cloak)
rCorr   .          Rampage  .   o - +0 pair of gloves
Will    .....                   (no boots)
Stlth   ..........              (no amulet)
HPRegen 1.01/turn               (no ring)
MPRegen 0.12/turn               (no ring)

@: no status effects
A: high MP 1, forlorn, divine attributes, large bone plates 1, cold resistance
1, evolution 1
a: no special abilities


You were on level 6 of the Dungeon.
You visited 1 branch of the dungeon, and saw 6 of its levels.

You collected 286 gold pieces.
You spent 80 gold pieces at shops.

Inventory:

Hand Weapons
 a - a +0 flail
 f - a +1 mace (weapon)
Armour
 c - a +0 buckler (worn)
 e - the +10 scale mail of Agnosticism (worn) {rElec rF- Regen+ Str-4}
   (You acquired it on level 2 of the Dungeon)

   Str:       It affects your strength (-4).
   rF:        It makes you vulnerable to fire.
   rElec:     It insulates you from electricity.
   Regen:     It increases your rate of health regeneration.
 o - a +0 pair of gloves (worn)
Jewellery
 b - a ring of positive energy
 l - a ring of ice
Wands
 d - a wand of paralysis (13)
 m - a wand of digging (6)
Scrolls
 g - a scroll of noise {unknown}
 h - 2 scrolls of teleportation {unknown}
 j - a scroll of silence {unknown}
 p - a scroll of enchant armour {unknown}
 q - 4 scrolls of identify
Potions
 i - a potion of cancellation
 n - 3 potions of might
 r - a potion of heal wounds {unknown}


   Skills:
 + Level 5.0 Fighting
 + Level 6.5 Maces & Flails
 + Level 5.1 Armour
 + Level 2.8 Dodging
 + Level 5.0 Shields


You had 7 spell levels left.
You didn't know any spells.
Your spell library contained the following spells:

 Spells                   Type           Power      Damage    Failure   Level
 Shock                    Conj/Air       0%         1d3       77%         1
 Sting                    Tmut/Pois      0%         1d3       77%         1
 Summon Small Mammal      Summ           0%         N/A       77%         1
 Poisonous Vapours        Pois/Air       0%         N/A       88%         2
 Call Canine Familiar     Summ           0%         N/A       98%         3
 Gell's Gravitas          Tloc           0%         N/A       98%         3
 Lesser Beckoning         Tloc           0%         N/A       98%         3
 Summon Guardian Golem    Hex/Summ       0%         N/A       98%         3
 Swiftness                Air            0%         N/A       98%         3
 Teleport Other           Tloc           0%         N/A       98%         3
 Airstrike                Air            0%         N/A       100%        4
 Olgreb's Toxic Radiance  Pois           0%         N/A       100%        4
 Malign Gateway           Summ/Tloc      0%         N/A       100%        7
 Summon Horrible Things   Summ           0%         N/A       100%        8


Dungeon Overview and Level Annotations

Branches:
Dungeon (6/15)             Temple (0/1) D:5

Shops:
D:1 !

Annotations:
D:3 2 transporters


Innate Abilities, Weirdness & Mutations

You have an increased reservoir of magic. (+10% MP)
You shall have no god before yourself.
Your divine heritage dramatically boosts your attributes as you level up.
You are partially covered in large bone plates. (SH +4)
Your flesh is cold resistant. (rC+)
You have hidden genetic potential.


Message History

You hit the steam dragon.
The steam dragon is lightly wounded.
The steam dragon breathes steam at you. The ball of steam hits you!
The steam scalds you terribly!
You hear an angry hiss.
You hit the steam dragon.
The steam dragon is moderately wounded.
You are engulfed in a cloud of scalding steam.
You block the steam dragon's attack. The steam dragon barely misses you.
You completely miss the steam dragon.
The steam dragon is moderately wounded.
You block the steam dragon's attack.
The steam dragon claws you but does no damage.
You closely miss the steam dragon.
The steam dragon is moderately wounded.
You are engulfed in a cloud of scalding steam.
* * * LOW HITPOINT WARNING * * *
The steam dragon closely misses you. You block the steam dragon's attack.
You closely miss the steam dragon.
The steam dragon is moderately wounded.
The steam dragon breathes steam at you.
The ball of steam hits you but does no damage.
The steam dragon bites you but does no damage.
The steam dragon claws you but does no damage.
Really walk into that cloud of steam?
Uppercase [Y]es or [N]o only, please.
Really walk into that cloud of steam?
Okay, then.
You feel better. The steam dragon closely misses you.
The steam dragon claws you but does no damage.
You closely miss the steam dragon.
The steam dragon is moderately wounded.
The steam dragon breathes steam at you. The ball of steam misses you.
You barely miss the steam dragon.
The steam dragon is moderately wounded.
You are engulfed in a cloud of scalding steam.
The steam dragon breathes steam at you. The ball of steam hits you!!
The steam scalds you terribly!
You die...

#.. # .. .# ###.# .#
.... ########.# #..
........###..
#..#######..........
.##.#...................
....§.§@D...............
.##.#...).###.........##
#####)# #.######### #)#
#.########
#########)###........###
......§.................
.##..................###
.....§...............#
.....................###


You could see a steam dragon (catching breath).

Vanquished Creatures
  Sigmund (D:2)
  A water moccasin (D:5)
  Duvessa (D:4)
  A sky beast (D:6)
  A black bear (D:6)
  A necrophage (D:5)
  4 centaurs
  Blork the orc (D:4)
  3 scorpions
  Dowan (D:4)
  2 bullfrog zombies (D:6)
  3 hounds (D:5)
  A jelly (D:6)
  A bullfrog skeleton (D:6)
  A centaur skeleton (D:4)
  2 orc priests (D:6)
  Ijyb (D:4)
  An iguana (D:5)
  A hound zombie (D:5)
  A hound skeleton (D:5)
  8 adders
  An ufetubus (D:4)
  2 dart slugs
  5 orcs
  2 bats
  4 endoplasms
  7 giant cockroaches
  5 goblins
  5 hobgoblins
  3 jackals (D:4)
  6 kobolds
  A quokka (D:3)
  4 ball pythons
  A frilled lizard (D:2)
  3 rats
86 creatures vanquished.

Vanquished Creatures (others)
  An orc (D:6)
  15 fungi (D:6)
  5 toadstools (D:2)
21 creatures vanquished.

Grand Total: 107 creatures vanquished

Notes
Turn   | Place    | Note
-------+----------+-------------------------------------------
     0 | D:1      | crimpus the Demigod Fighter began the quest for the Orb.
     0 | D:1      | Reached XP level 1. HP: 18/18 MP: 3/3
   288 | D:1      | Found Uleb's Distillery.
   463 | D:1      | Reached XP level 2. HP: 25/25 MP: 4/4
  1058 | D:2      | Noticed Sigmund
  1070 | D:2      | Killed Sigmund
  1071 | D:2      | Reached skill level 2 in Maces & Flails
  1071 | D:2      | Reached XP level 3. HP: 13/31 MP: 5/5
  1071 | D:2      | Reached XP level 4. HP: 16/38 MP: 6/6
  1071 | D:2      | Reached XP level 5. HP: 19/45 MP: 7/7
  1367 | D:2      | Identified a scroll of acquirement
  1367 | D:2      | Acquired the +10 scale mail of Agnosticism {rElec rF-
                  | Regen+ Str-4}
  2121 | D:3      | Reached skill level 3 in Maces & Flails
  2370 | D:3      | Found a transporter.
  2538 | D:3      | Found a transporter.
  2714 | D:4      | Noticed Dowan
  2715 | D:4      | Noticed Duvessa
  2997 | D:4      | Noticed Ijyb
  3070 | D:4      | Paralysed by Ijyb for 4 turns
  3101 | D:4      | Killed Ijyb
  3149 | D:4      | Reached XP level 6. HP: 48/52 MP: 8/8
  3325 | D:4      | Killed Duvessa
  3326 | D:4      | Reached skill level 1 in Dodging
  3351 | D:4      | Killed Dowan
  3378 | D:4      | Noticed Blork the orc
  3392 | D:4      | Killed Blork the orc
  3393 | D:4      | Reached skill level 4 in Maces & Flails
  3662 | D:4      | Reached XP level 7. HP: 55/59 MP: 9/9
  3960 | D:1      | Bought a potion of mutation for 80 gold pieces
  3960 | D:1      | Gained mutation: You have hidden genetic potential. [potion
                  | of mutation]
  3960 | D:1      | Gained mutation: Your flesh is cold resistant. (rC+)
                  | [potion of mutation]
  4087 | D:5      | Entered Level 5 of the Dungeon
  4118 | D:5      | Found a staircase to the Ecumenical Temple.
  4200 | D:5      | Reached skill level 5 in Maces & Flails
  4874 | D:6      | Reached XP level 8. HP: 67/67 MP: 10/10
  4930 | D:6      | Gained mutation: You are partially covered in large bone
                  | plates. (SH +4) [hidden potential]
  4962 | D:6      | Reached skill level 5 in Armour
  5008 | D:6      | Reached skill level 6 in Maces & Flails
  5145 | D:6      | Reached skill level 5 in Fighting
  5194 | D:6      | Reached skill level 5 in Shields
  5215 | D:6      | Killed from afar by a steam dragon

Illustrated notes

Levels and vault maps discovered:
D:1:      dpeg_arrival_three_bigger_balls, layout_loops_ring, serial_shops,
          nicolae_square_shop, chequers_ecumenical_altar_grove,
          minmay_tree_intersection
D:2:      layout_loops_cross, minmay_gold_behind_fungi, uniq_sigmund
D:3:      gammafunk_steamed_eel, layout_basic, xom_teletrap_fun
D:4:      layout_gridville, nicolae_wu_jian_wuxing_cycle, st_stairs_4,
          chequers_hall_statues_wall_a, kennysheep_small_spiral,
          grunt_ministairs_2, minmay_misc_feat_plants, uniq_ijyb,
          uniq_blork_the_orc, uniq_duvessa
D:5:      layout_loops_ring, yredelemnul_altar_generic, temple_pool_b
D:6:      minmay_inner_zag, layout_basic, mainiacjoe_overflow_cross_hatched

Skill      XL: |  1  2  3  4  5  6  7  8 |
---------------+-------------------------+-----
Fighting       | 3 4 5 |  5.0
Maces & Flails | 2 3 4 5 6 |  6.5
Armour         | 3 4 5 |  5.1
Shields        | 3 4 5 |  5.0
Dodging        | 1 2 |  2.8

Action                   |  1- 3 |  4- 6 |  7- 9 || total
-------------------------+-------+-------+-------++-------
Melee: Mace              |    25 |   271 |   250 ||   546
       Flail             |     2 |       |       ||     2
  Use: Potion            |     1 |     2 |     5 ||     8
       Scroll            |       |     3 |     3 ||     6
Armor: Scale mail        |     6 |   223 |   195 ||   424
Dodge: Dodged            |     7 |   168 |   131 ||   306
Block: Buckler           |     7 |    99 |    84 ||   190
